 Dungeon Sprint DCSS version 0.16-a0-4078-g0e80503 (console) character file.

1000000 Monkaria the Slayer (level 14, -16/139 HPs)
             Began as a Mummy Fighter on Feb 22, 2015.
             Demolished by a meat berserker
             ... wielding a +9 battleaxe
              (66 damage)
             ... in the Dungeon (Sprint VIII: "Arena of Blood").
             The game lasted 00:00:27 (10 turns).

Monkaria the Slayer (Mummy Fighter)                   Turns: 10, Time: 00:00:27

Health: -16/139    AC: 11    Str: 20    XL:     14   Next: 66%
Magic:  14/14      EV: 10    Int:  7    God:
Gold:   0          SH:  0    Dex: 14    Spells: 0 memorised, 13 levels left

rFire  x . .     SeeInvis .     d - +∞ Axe of Woe
rCold  + . .     Clarity  .     b - +0 scale mail
rNeg   + + +     SustAb   .     (no shield)
rPois  ∞         Gourm    .     (no helmet)
rElec  .         Spirit   .     (no cloak)
rCorr  .         Warding  .     (no gloves)
rMut   .         NoTele   +     (no boots)
MR     +....                    (no amulet)
Stlth  ..........               (no ring)
                                (no ring)

@: somewhat resistant to hostile enchantments, extremely unstealthy
A: no food or potions, fire vulnerability, in touch with death, restore body,
cold resistance 1, negative energy resistance 3, poison resistance, torment
resistance, unbreathing
a: Self-Restoration


You were in the Dungeon.
You were not hungry.

You visited 1 branch

Inventory:

Hand weapons
 a - a +0 war axe
 d - the +∞ Axe of Woe (weapon)
   (You found it in the Dungeon)
Armour
 b - a +0 scale mail (worn)
 c - a +0 shield
Scrolls
 j - a scroll of blinking


   Skills:
 + Level 21.8 Fighting
 + Level 11.3 Axes
 + Level 19.1 Armour
 + Level 18.7 Shields


You had 13 spell levels left.
You didn't know any spells.

Dungeon Overview and Level Annotations

Branches:
Dungeon (1/1)

Altars:
Makhleb


Innate Abilities, Weirdness & Mutations

You do not eat or drink.
Your flesh is vulnerable to fire.
You are in touch with the powers of death.
You can restore your body by infusing magical energy.
Your flesh is cold resistant.
You are immune to negative energy.
Your system is resistant to poisons.
You are immune to unholy pain and torment.
You can survive without breathing.


Message History

You slaughter the bag of meat joyfully.
You kill the bag of meat!
Your Fighting skill gained 2 levels and is now at level 20!
Your Axes skill increases to level 10!
Your Armour skill increases to level 17!
Your Shields skill increases to level 17!
You slash the bag of meat!
You hew the bag of meat savagely.
You kill the bag of meat!
Your Fighting skill increases to level 21!
Your Armour skill increases to level 18!
Your Shields skill increases to level 18!
You have reached level 14!
You slash the bag of meat!
You dissect the bag of meat like a pig carcass.
You kill the bag of meat!
Your Axes skill increases to level 11!
Your Armour skill increases to level 19!
You hear a shout! x8
The meat berserker hits you with a +9 battleaxe!!!
You die...

. .. ... #. ..#
#.. ..# .###..
..###..
......###......
......_o....
#.)O))# #_.o@_#
#..)).#
......_.....
......###......
.###.. ..###..
#.. ..# #. o.#
.. ..o .


You could see a meat berserker (berserk) and 4 bags of meat.

Vanquished Creatures
  6 orcs (D)
6 creatures vanquished.

Notes
Turn   | Place    | Note
--------------------------------------------------------------
     0 | D        | Monkaria, the Mummy Fighter, began the quest for the Orb.
     0 | D        | Reached XP level 1. HP: 18/18 MP: 1/1
     2 | D        | Noticed a bag of meat
     2 | D        | Noticed a bag of meat
     4 | D        | Noticed a bag of meat
     5 | D        | Noticed a bag of meat
     5 | D        | Noticed a bag of meat
     5 | D        | Noticed a bag of meat
     6 | D        | Noticed a bag of meat
     6 | D        | Noticed a bag of meat
     6 | D        | Noticed a bag of meat
     7 | D        | Noticed a meat berserker
     7 | D        | Killed a bag of meat
     7 | D        | Reached skill level 15 in Fighting
     7 | D        | Reached XP level 2. HP: 21/44 MP: 2/2
     7 | D        | Reached XP level 3. HP: 23/50 MP: 3/3
     7 | D        | Reached XP level 4. HP: 26/57 MP: 4/4
     7 | D        | Reached XP level 5. HP: 28/63 MP: 5/5
     7 | D        | Reached XP level 6. HP: 31/70 MP: 6/6
     7 | D        | Reached XP level 7. HP: 33/76 MP: 7/7
     7 | D        | Reached XP level 8. HP: 36/83 MP: 8/8
     7 | D        | Reached XP level 9. HP: 38/89 MP: 9/9
     7 | D        | Reached XP level 10. HP: 41/97 MP: 10/10
     7 | D        | Reached XP level 11. HP: 43/103 MP: 11/11
     8 | D        | Killed a bag of meat
     8 | D        | Reached skill level 17 in Fighting
     8 | D        | Reached skill level 15 in Armour
     8 | D        | Reached skill level 15 in Shields
     8 | D        | Reached XP level 12. HP: 45/114 MP: 12/12
     8 | D        | Killed a bag of meat
     8 | D        | Reached skill level 18 in Fighting
     8 | D        | Reached XP level 13. HP: 47/124 MP: 13/13
    10 | D        | Noticed a bag of meat
    10 | D        | Killed a bag of meat
    10 | D        | Reached skill level 20 in Fighting
    10 | D        | Reached skill level 10 in Axes
    10 | D        | Killed a bag of meat
    10 | D        | Reached skill level 21 in Fighting
    10 | D        | Reached XP level 14. HP: 50/138 MP: 14/14
    10 | D        | Killed a bag of meat
    10 | D        | Demolished by a meat berserker

Action                   |  1- 3 |  4- 6 |  7- 9 | 10-12 | 13-15 || total
-------------------------+-------+-------+-------+-------+-------++-------
Melee: Executioner's axe |     1 |       |       |     1 |     1 ||     3
